 Dungeon Crawl Stone Soup version 0.31-a0-355-g57cb03d3e8 (webtiles) character file.

Game seed: 11228684844238271788

77608 hashsling the Warrior (level 15, 0/141 HPs)
             Began as a Barachi Gladiator on July 25, 2023.
             Was the Champion of Okawaru.
             Killed from afar by a swamp worm (16 damage)
             ... with a harpoon shot
             ... called by a spriggan druid
             ... on level 1 of the Swamp.
             The game lasted 01:44:35 (21103 turns).

hashsling the Warrior (Barachi Gladiator)          Turns: 21103, Time: 01:44:46

Health: 0/141      AC: 13    Str: 28    XL:     15   Next: 57%
Magic:  0/19       EV: 28    Int:  9    God:    Okawaru [******]
Gold:   333        SH: 11    Dex: 23    Spells: 14/20 levels left

rFire   . . .        N - +10 zealot's sword {holy, Zealotry, *Rage rN+ EV+3}
rCold   . . .        C - +0 kite shield
rNeg    + . .        a - +2 leather armour of Lust {Regen+ Dex+3}
rPois   +            L - +2 helmet of Ejomihi {Rampage}
rElec   .            h - +1 cloak {rPois}
rCorr   .            W - +2 pair of gloves "Huleu" {Str+6}
SInv    .            (no boots)
Will    +....        G - amulet of guardian spirit
Stlth   ++           t - +4 ring of slaying
HPRegen 1.23/turn    c - +6 ring of dexterity
MPRegen 0.16/turn

%: random rage (20%), guardian spirit, rampage
@: unable to hop, on berserk cooldown, slowed, studying Translocations,
invisible, very slow
A: amphibious, slowness 1, strong legs 2, +LOS
a: Hop, Renounce Religion, Heroism, Finesse, Duel


You were on level 1 of the Swamp.
You worshipped Okawaru.
Okawaru was exalted by your worship.
You visited 5 branches of the dungeon, and saw 22 of its levels.
You also visited: Sewer.

You collected 2271 gold pieces.
You spent 1938 gold pieces at shops.

Inventory:

Hand Weapons
 w - a +2 demon blade of pain
 I - a +2 triple sword of freezing
 N - the +10 zealot's sword (weapon) {holy, Zealotry, *Rage rN+ EV+3}
   (You bought it in a shop on level 2 of the Orcish Mines)

   Zealotry:  Whenever the wielder enters a berserk rage, their allies are
   berserked alongside them.
   EV:        It affects your evasion (+3).
   rN:        It protects you from negative energy.
   *Rage:     It berserks you when you make melee attacks (+20% chance).
 X - a +3 longbow of flaming
 Z - the +11 long sword of the Lumpy Priests {flame, Fly Will+ Str+2 Int+3}
   (Okawaru gifted it to you on level 13 of the Dungeon)

   Str:       It affects your strength (+2).
   Int:       It affects your intelligence (+3).
   Fly:       It grants you flight.
   Will:      It increases your willpower.
Missiles
 d - 4 throwing nets
 p - 62 poisoned darts
 O - 2 silver boomerangs
 V - a curare-tipped dart
Armour
 a - the +2 leather armour of Lust (worn) {Regen+ Dex+3}
   (You found it on level 8 of the Dungeon)

   Dex:       It affects your dexterity (+3).
   Regen:     It increases your rate of health regeneration.
 b - a +3 ring mail
 h - a +1 cloak of poison resistance (worn)
 C - a +0 kite shield (worn)
 L - the +2 helmet of Ejomihi (worn) {Rampage}
   (You found it on level 2 of the Lair of Beasts)

   Rampage:   It bestows one free step when moving towards enemies.
 W - the +2 pair of gloves "Huleu" (worn) {Str+6}
   (Okawaru gifted it to you on level 5 of the Lair of Beasts)

   Str:       It affects your strength (+6).
Jewellery
 c - a +6 ring of dexterity (right hand)
 t - a +4 ring of slaying (left hand)
 D - a +6 ring of strength
 G - an amulet of guardian spirit (around neck)
 T - a ring of ice
Wands
 B - a wand of polymorph (13)
 E - a wand of roots (5)
 F - a wand of quicksilver (5)
 M - a wand of flame (22) (quivered)
 U - a wand of digging (15)
Scrolls
 g - a scroll of fear
 l - a scroll of butterflies {unknown}
 m - 2 scrolls of poison
 s - a scroll of brand weapon {unknown}
 v - 2 scrolls of torment
 x - 10 scrolls of teleportation
 y - 5 scrolls of enchant armour
 z - 2 scrolls of vulnerability
 H - 3 scrolls of amnesia
 J - a scroll of identify
 P - a scroll of silence {unknown}
 R - 5 scrolls of fog
 S - a scroll of revelation {unknown}
Potions
 e - 10 potions of curing
 i - 6 potions of degeneration
 j - a potion of berserk rage {unknown}
 k - 7 potions of enlightenment
 n - 4 potions of might
 o - a potion of ambrosia
 q - 9 potions of heal wounds
 r - 2 potions of attraction
 u - 2 potions of haste
 A - 5 potions of brilliance
 K - a potion of cancellation {unknown}


   Skills:
 * Level 19.9 Fighting
 - Level 15.0 Long Blades
 - Level 2.0 Throwing
 - Level 3.0 Armour
 * Level 16.5 Dodging
 - Level 4.0 Shields
 - Level 3.0 Spellcasting
 - Level 11.0 Translocations
 - Level 3.0 Evocations


You had 14 spell levels left.
You knew the following spells:

 Your Spells              Type           Power      Damage    Failure   Level
a - Blink                 Tloc           42%        N/A       1%          2
b - Manifold Assault      Tloc           21%        N/A       7%          4

Your spell library contained the following spells:

 Spells                   Type           Power      Damage    Failure   Level
 Portal Projectile        Hex/Tloc       22%        N/A       21%         3
 Magic Dart               Conj           4%         1d3       54%         1
 Necrotise                Necr           4%         1d4       54%         1
 Slow                     Hex            4%         N/A       54%         1
 Searing Ray              Conj           2%         2d4       69%         2
 Confusing Touch          Hex            1%         N/A       89%         3
 Hailstorm                Conj/Ice       1%         3d3       89%         3
 Inner Flame              Hex/Fire       1%         N/A       89%         3
 Vampiric Draining        Necr           1%         2d6       89%         3
 Flame Wave               Conj/Fire      1%         2d4       100%        4
 Fulminant Prism          Conj/Hex       0%         3d5       100%        4
 Leda's Liquefaction      Hex/Erth       0%         N/A       100%        4
 Sticky Flame             Conj/Fire      1%         2d3       100%        4
 Agony                    Necr           1%         N/A       100%        5
 Borgnjor's Vile Clutch   Necr/Erth      0%         N/A       100%        5
 Call Canine Familiar     Summ           Unusable   N/A       N/A         3
 Animate Dead             Necr           Unusable   N/A       N/A         4
 Summon Ice Beast         Ice/Summ       Unusable   N/A       N/A         4
 Death Channel            Necr           Unusable   N/A       N/A         6
 Simulacrum               Ice/Necr       Unusable   N/A       N/A         6

Dungeon Overview and Level Annotations

Branches:
Dungeon (13/15)            Temple (1/1) D:7            Lair (5/5) D:11
  Swamp (1/4) Lair:3        Snake (0/4) Lair:2        Slime (0/5) Lair:4
    Orc (2/2) D:11            Elf (0/3) Orc:2         Sewer (visited)
 Vaults: D:13-14

Altars:
Ashenzari
Cheibriados
Dithmenos
Elyvilon
Fedhas
Gozag
Hepliaklqana
Kikubaaqudgha
Makhleb
Nemelex Xobeh
Okawaru
Qazlal
Ru
Sif Muna
Trog
Uskayaw
Vehumet
Wu Jian
Xom
Yredelemnul
Zin
The Shining One

Shops:
D:2 =?   D:4 *   D:6 *(   Orc:2 *([

Portals:
Trove: D:11 (give 5 scrolls of fog)

Annotations:
D:13 1 runed translucent door
Temple 2 transporters


Innate Abilities, Weirdness & Mutations

You are amphibious.
You cover ground slowly.
You can hop long distances.
You have an extended range of vision and can be seen from far away.


Message History

* * * LOW HITPOINT WARNING * * *
The spriggan druid barely misses you. You block the spriggan rider's attack.
A swamp drake comes into view.
Hop to where?
Press: ? - help, Dir - move target Floosh!
You fall into the shallow water.
Found 7 gold pieces.
Boing!
The eleionoma flows through the trees.
The eleionoma hits you!
* * * LOW HITPOINT WARNING * * *
The swamp drake roars!
You chop the eleionoma into pieces!!!
The eleionoma is severely wounded.
The eleionoma hits you but does no damage.
You slice the eleionoma!!
The eleionoma is almost dead.
A swamp worm comes into view.
The eleionoma touches a tree and draws upon its vitality.
The eleionoma is healed.
You slice the eleionoma!!
The eleionoma is severely wounded.
You block the eleionoma's attack.
You barely miss the eleionoma.
The eleionoma is severely wounded.
The eleionoma hurls a spray of splinters at you.
The spray of wooden splinters misses you.
The swamp worm fires a harpoon shot at you.
You block the harpoon shot.
The spriggan druid mumbles some strange words.
The forest starts to sway and rumble!
The eleionoma hits you.
* * * LOW HITPOINT WARNING * * *
The spriggan rider hits you from afar with a +0 spear!
* * * LOW HITPOINT WARNING * * *
The eleionoma splashes around in the water.
You fade into invisibility!
Branches wave dangerously above you. A tree reaches out and hits you.
* * * LOW HITPOINT WARNING * * *
The swamp worm fires a harpoon shot at you.
The harpoon shot hits you!!
You die...

....###..$..~~~..~..~~
....P.§.....♣♣♣♣....~§
♣.........†♣♣♣♣..~~~♣
♣♣.......§~........♣♣.
♣♣~.~~♣..~.i..♣~~§...
♣♣♣♣~~~w†~~~~~~.~~.♣
♣♣~~~.~~~~~~ii~....~♣
~...§.....~~~~R..~.♣
....~~.§.~§k.@.♣♣♣~♣♣
~~~~§~.~.~....♣♣♣...♣
~~~~~~...♣~>~♣♣♣...♣
~~~~~~..♣♣♣♣.~~...♣
....~~~.♣♣♣♣§~~...♣
♣~.~~.~.~~~~?.§~.♣♣
♣♣.~~.>..~~~~~~<♣♣
♣♣......~~§§~..♣
♣♣♣♣♣♣~....~♣♣♣


You could see an eleionoma (unable to see you), a spriggan rider, a spriggan
druid, a swamp worm (unable to see you), a swamp drake (unable to see you) and a
spriggan.

Vanquished Creatures
  An orc warlord (Orc:2)
  Nessos (Lair:5)
  Snorg (Lair:4)
  A fire dragon (Lair:5)
  12 hydras
  A boulder beetle (Lair:2)
  An alligator (Swamp:1)
  A two-headed ogre (D:13)
  6 death yaks (Lair:5)
  An orc high priest (Orc:2)
  Urug (D:13)
  3 skysharks
  A goliath frog (Swamp:1)
  Lodul (D:13)
  2 swamp dragons
  An orc knight (Orc:2)
  Pikel (D:5)
  3 cyclopes
  5 orc sorcerers (Orc:2)
  2 ugly things
  15 elephants
  2 black mambas (Lair:5)
  2 gargoyles
  13 cane toads
  An unseen horror (D:11)
  8 komodo dragons
  2 rime drakes
  An efreet (D:11)
  11 polar bears
  6 trolls
  A tyrant leech (Swamp:1)
  Prince Ribbit (D:7)
  16 blink frogs
  10 dream sheep
  2 slime creatures (D:6)
  The ghost of greasedhog the Ruffian, an amateur TrFi (D:6)
  7 wyverns
  3 wraiths
  63 yaks
  Grum (D:6)
  7 basilisks
  3 steam dragons (Lair:5)
  Menkaure (D:7)
  2 swamp worms (Swamp:1)
  3 vampire mosquitoes (D:11)
  11 wargs
  4 acid dragons
  15 water moccasins
  15 hell hounds (Lair:5)
  37 orc warriors
  3 swamp drakes (Lair:5)
  A sky beast (D:5)
  An ice beast (D:7)
  12 black bears
  13 wolves (Lair:5)
  8 centaurs
  9 ogres
  2 lemures (D:5)
  2 phantoms
  8 kobold brigands
  A gnoll sergeant (D:7)
  18 bullfrogs
  3 scorpions
  13 wights
  5 killer bees (D:6)
  An electric eel (D:6)
  13 howler monkeys
  8 hounds
  2 gnoll boudas (D:6)
  7 jellies
  15 orc priests
  Crazy Yiuf (D:3)
  Natasha (thrice) (D:2)
  2 sleepcaps (D:6)
  7 iguanas
  28 orc wizards
  16 gnolls
  9 adders
  5 river rats
  A shadow imp (D:5)
  4 white imps
  An ufetubus (D:6)
  4 worms
  3 dart slugs
  88 orcs
  16 ball pythons
  9 bats
  17 endoplasms
  4 giant cockroaches
  5 goblins
  5 hobgoblins
  10 jackals
  7 quokkas
  5 frilled lizards
  30 kobolds
  2 rats (D:1)
737 creatures vanquished.

Notes
Turn   | Place    | Note
-------+----------+-------------------------------------------
     0 | D:1      | hashsling the Barachi Gladiator began the quest for the
                  | Orb.
     0 | D:1      | Reached XP level 1. HP: 17/17 MP: 1/1
    62 | D:1      | Reached XP level 2. HP: 12/23 MP: 2/2
   498 | D:1      | Reached skill level 1 in Armour
   502 | D:1      | Reached skill level 3 in Fighting
   530 | D:1      | Reached XP level 3. HP: 29/29 MP: 3/3
   870 | D:2      | Noticed Natasha
   884 | D:2      | Killed Natasha
   885 | D:2      | Reached XP level 4. HP: 20/35 MP: 4/4
   989 | D:2      | Found Panopri's Jewellery Shop.
  1328 | D:2      | Found Poza's Distillery.
  1339 | D:2      | Found Kicois's Magic Scroll Shoppe.
  1343 | D:2      | Bought a scroll of identify for 22 gold pieces
  1374 | D:2      | Noticed Natasha
  1377 | D:2      | Killed Natasha
  1378 | D:2      | Reached skill level 4 in Fighting
  1378 | D:2      | Reached XP level 5. HP: 38/42 MP: 5/5
  1411 | D:2      | Reached skill level 5 in Long Blades
  1433 | D:2      | Noticed Natasha
  1440 | D:2      | Killed Natasha
  1610 | D:3      | Found a runed translucent door.
  1611 | D:3      | Noticed Crazy Yiuf
  2099 | D:3      | Found a sparkling altar of Nemelex Xobeh.
  2553 | D:4      | Reached XP level 6. HP: 46/49 MP: 6/6
  2822 | D:4      | Found Qazel's General Store.
  2834 | D:4      | Bought a +0 kite shield for 45 gold pieces
  3044 | D:4      | Found a burning altar of Makhleb.
  3049 | D:4      | Reached skill level 5 in Fighting
  3350 | D:5      | Entered Level 5 of the Dungeon
  3435 | D:5      | Found a glowing drain.
  3524 | Sewer    | Entered a sewer
  3682 | Sewer    | Reached XP level 7. HP: 43/56 MP: 7/7
  4102 | D:5      | Reached skill level 6 in Fighting
  4170 | D:5      | Identified the +1 robe of Dithmenos's Esteem {Int+3}
  4368 | D:5      | Reached skill level 5 in Dodging
  4517 | D:5      | Reached XP level 8. HP: 63/65 MP: 8/8
  4519 | D:5      | Noticed Pikel
  4540 | D:5      | Killed Pikel
  4541 | D:5      | Reached skill level 7 in Fighting
  4734 | D:5      | Found an ancient bone altar of Kikubaaqudgha.
  4747 | D:5      | Found a snail-covered altar of Cheibriados.
  4748 | D:5      | Found a shimmering altar of Xom.
  4866 | D:6      | Reached skill level 8 in Fighting
  4913 | D:6      | Noticed Grum
  4923 | D:6      | Killed Grum
  5199 | D:6      | Reached XP level 9. HP: 62/75 MP: 7/9
  5348 | D:6      | Found a broken altar of Ashenzari.
  5383 | D:6      | Found a runed translucent gate.
  5383 | D:6      | Found a runed translucent gate.
  5383 | D:6      | Found a runed translucent gate.
  5385 | D:6      | Noticed a cyclops
  5386 | D:6      | Noticed greasedhog's ghost (amateur TrFi)
  5388 | D:6      | Noticed a white ugly thing
  5521 | D:6      | Found Sifrateg's Antique Weapon Shop.
  5527 | D:6      | Bought a glowing great sword for 180 gold pieces
  5560 | D:6      | Reached skill level 9 in Fighting
  5668 | D:6      | Found Qolif's Assorted Antiques.
  5997 | D:6      | HP: 3/76 [large slime creature (18)]
  6049 | D:6      | Reached skill level 1 in Evocations
  6200 | D:6      | Killed a large slime creature
  6201 | D:6      | Reached skill level 10 in Long Blades
  6608 | D:3      | Killed Crazy Yiuf
  6833 | D:6      | Reached skill level 10 in Fighting
  7274 | D:6      | Reached XP level 10. HP: 36/86 MP: 5/10
  7545 | D:7      | Found a staircase to the Ecumenical Temple.
  7555 | Temple   | Found a transporter.
  7555 | Temple   | Found a transporter.
  7555 | Temple   | Found a transporter.
  7555 | Temple   | Found a transporter.
  7555 | Temple   | Entered the Ecumenical Temple
  7575 | Temple   | Became a worshipper of Warmaster Okawaru
  7701 | D:7      | Noticed Menkaure
  7703 | D:7      | Killed Menkaure
  8015 | D:7      | Reached skill level 11 in Fighting
  8287 | D:7      | Reached * piety under Okawaru
  8538 | D:7      | Noticed Prince Ribbit
  8542 | D:7      | Killed Prince Ribbit
  8757 | D:7      | Found a hazy altar of Hepliaklqana.
  8911 | D:8      | Identified the +2 leather armour of Lust {Regen+ Dex+3}
  8975 | D:8      | Identified the +0 robe of the Will of the Gods {Str+2}
  9262 | D:8      | Found a glowing silver altar of Zin.
  9670 | D:9      | Reached ** piety under Okawaru
  9784 | D:9      | Reached skill level 12 in Fighting
 10080 | D:9      | Reached XP level 11. HP: 95/95 MP: 11/11
 10144 | D:9      | Found an ornate altar of the Wu Jian Council.
 10491 | D:10     | Entered Level 10 of the Dungeon
 11349 | D:6      | Killed a cyclops
 11382 | D:5      | Killed a white ugly thing
 11384 | D:5      | Reached *** piety under Okawaru
 11399 | D:6      | Killed greasedhog's ghost
 11400 | D:6      | Reached skill level 13 in Fighting
 11642 | D:11     | Found a staircase to the Orcish Mines.
 11777 | D:11     | Found a portal to a secret trove of treasure.
 11810 | D:11     | Noticed a seven-headed hydra
 11996 | D:12     | Noticed a white ugly thing
 12002 | D:12     | Killed a white ugly thing
 12002 | D:12     | Reached **** piety under Okawaru
 12002 | D:12     | Received a gift from Okawaru
 12214 | D:11     | Found a staircase to the Lair.
 12221 | D:11     | Noticed a cyclops
 12292 | D:11     | Killed a cyclops
 12584 | D:2      | Bought a scroll of fog for 44 gold pieces
 12584 | D:2      | Bought a scroll of identify for 22 gold pieces
 12584 | D:2      | Bought a scroll of identify for 22 gold pieces
 12584 | D:2      | Bought a scroll of identify for 22 gold pieces
 12586 | D:2      | Identified 2 scrolls of acquirement
 12587 | D:2      | Acquired a manual of Translocations
 12589 | D:2      | Acquired a +2 triple sword of freezing
 13341 | D:11     | Noticed a cyclops
 13344 | D:11     | Reached skill level 14 in Fighting
 13350 | D:11     | Killed a cyclops
 13350 | D:11     | Reached ***** piety under Okawaru
 13351 | D:11     | Reached XP level 12. HP: 107/107 MP: 12/12
 13585 | D:13     | Found a runed translucent door.
 13588 | D:13     | Noticed a +4 demon whip of pain
 13600 | D:13     | Noticed a two-headed ogre
 13606 | D:13     | Killed a two-headed ogre
 13607 | D:13     | Reached skill level 10 in Dodging
 13623 | D:13     | Noticed Lodul
 13638 | D:13     | Killed Lodul
 13641 | D:13     | Noticed Urug
 13654 | D:13     | Killed Urug
 13654 | D:13     | Identified the +11 long sword of the Lumpy Priests {flame,
                  | Fly Will+ Str+2 Int+3} (Okawaru gifted it to you on level
                  | 13 of the Dungeon)
 13654 | D:13     | Received a gift from Okawaru
 14211 | Lair:1   | Entered Level 1 of the Lair of Beasts
 14254 | Lair:1   | Reached skill level 1 in Shields
 14271 | Lair:1   | Reached skill level 15 in Long Blades
 14400 | Lair:1   | Reached skill level 15 in Fighting
 14516 | Lair:1   | Identified the +4 scale mail "Feseal Umyze" {*Corrode rN+
                  | Int+3 SInv} (Okawaru gifted it to you on level 1 of the
                  | Lair of Beasts)
 14516 | Lair:1   | Received a gift from Okawaru
 14791 | Lair:1   | Learned a level 2 spell: Blink
 14796 | Lair:1   | Learned a level 4 spell: Manifold Assault
 14868 | Lair:1   | Reached skill level 1 in Translocations
 14872 | Lair:1   | Gained mutation: You can hop long distances. [Barachi
                  | growth]
 14872 | Lair:1   | Reached XP level 13. HP: 111/116 MP: 11/14
 14896 | Lair:1   | Reached skill level 1 in Spellcasting
 15322 | Lair:2   | Reached skill level 16 in Fighting
 15545 | Lair:2   | Found a staircase to the Snake Pit.
 15552 | Lair:2   | You are sucked into a shaft and drop 1 floor!
 15680 | Lair:2   | Found a shimmering altar of Xom.
 15700 | Lair:2   | Identified the +2 helmet of Ejomihi {Rampage}
 15725 | Lair:2   | Reached ****** piety under Okawaru
 15782 | Lair:2   | Reached skill level 5 in Translocations
 16085 | Lair:3   | Received a gift from Okawaru
 16339 | Lair:3   | Found a staircase to the Swamp.
 16601 | Lair:3   | Reached skill level 17 in Fighting
 16748 | Lair:3   | Received a gift from Okawaru
 16842 | Lair:4   | Reached XP level 14. HP: 119/128 MP: 15/18
 16872 | Lair:4   | Noticed Snorg
 16881 | Lair:4   | Killed Snorg
 17302 | Lair:4   | Found a staircase to the Slime Pits.
 17890 | Lair:5   | Entered Level 5 of the Lair of Beasts
 17908 | Lair:5   | Found a dark tunnel.
 17970 | Lair:5   | Identified the +2 pair of gloves "Huleu" {Str+6} (Okawaru
                  | gifted it to you on level 5 of the Lair of Beasts)
 17970 | Lair:5   | Received a gift from Okawaru
 17975 | Lair:5   | Noticed Nessos
 18001 | Lair:5   | Killed Nessos
 18002 | Lair:5   | Reached skill level 18 in Fighting
 18414 | Lair:5   | Reached skill level 15 in Dodging
 18433 | Lair:5   | Reached skill level 10 in Translocations
 18834 | Lair:5   | Reached XP level 15. HP: 131/138 MP: 17/19
 18840 | Lair:5   | Reached skill level 19 in Fighting
 18878 | Lair:5   | Received a gift from Okawaru
 19638 | Orc:1    | Entered Level 1 of the Orcish Mines
 19819 | Orc:2    | Entered Level 2 of the Orcish Mines
 19969 | Orc:2    | Found a staircase to the Elven Halls.
 20054 | Orc:2    | Found Plog's General Store.
 20097 | Orc:2    | Bought the +10 zealot's sword {holy, Zealotry, *Rage rN+
                  | EV+3} for 1581 gold pieces
 20097 | Orc:2    | Found the +10 zealot's sword {holy, Zealotry, *Rage rN+
                  | EV+3}
 20258 | Orc:2    | Noticed an orc warlord
 20293 | Orc:2    | Killed an orc warlord
 20295 | Orc:2    | Received a gift from Okawaru
 20375 | Orc:2    | Found Ryse Lami's Antique Weapon Shop.
 20391 | Orc:2    | Found Qubuubivvug's Antique Armour Boutique.
 20751 | Orc:2    | Found Mour Wiud's Distillery.
 21062 | Swamp:1  | Entered Level 1 of the Swamp
 21103 | Swamp:1  | Killed from afar by a swamp worm

Illustrated notes

Levels and vault maps discovered:
D:1:      nagdon_arrival_zigzag_paths, layout_basic
D:2:      layout_loops_ring, serial_shops, nicolae_shop_just_a_little_nook,
          nicolae_square_shop, shop, nicolae_concentric_dashed_squares_wild,
          uniq_natasha
D:3:      layout_basic, nemelex_dance_club_becter, uniq_crazy_yiuf_cottage
D:4:      layout_cave_pods, makhleb_blood_cavern_becter, serial_shops,
          shop_fountains
D:5:      layout_basic, minitemple, serial_curves, eino_curves_04,
          eino_curves_03, cheibrodos_sewer_entry_bend,
          chequers_serial_rivers_micro_a, uniq_pikel
D:6:      cheibrodos_fertilizer, layout_cave_pools,
          nicolae_overflow_crystal_walls, gammafunk_ghost_split,
          serial_gnoll_camp, gnoll_camp_mini_shop, grums_kennel,
          gnoll_camp_mini_hut, gnoll_camp_mini_shop, gnoll_camp_mini_hut,
          gnoll_camp_mini_basic, kennysheep_pointless_box
D:7:      layout_basic, nzn_hepliaklqana_mist_gate,
          minmay_temple_entry_antechambers, amcnicky_mini_rare_corridor_liquid,
          minmay_misc_feat_rugged, grunt_ministairs_3, feat_on_display,
          uniq_prince_ribbit1, uniq_menkaure
D:8:      layout_loops_ring, mainiacjoe_overflow_boulevard
D:9:      layout_loops_corners, mainiacjoe_overflow_chevrons,
          serial_bayou_pond_b
D:10:     layout_stronghold, serial_rivers, chequers_serial_rivers_large_b,
          chequers_serial_rivers_room_a, chequers_serial_rivers_large_a,
          chequers_serial_rivers_micro_a, chequers_serial_rivers_room_a,
          chequers_serial_rivers_small_3
D:11:     layout_roguey, grunt_lair_entry_orc_guard_hut,
          minmay_orc_entry_temple_small, enter_trove_0, moated_statue
D:12:     layout_gridville, minmay_misc_feat_hallway
D:13:     layout_basic, grunt_vaults_entry_fortified,
          chequers_serial_rivers_micro_c, minmay_misc_feat_ornament,
          minmay_misc_feat_diagonals, nicolae_danse_macabre, uniq_urug,
          uniq_lodul, uniq_rupert
Temple:   hellmonk_temple_divided_pantheon
Lair:1:   layout_regular_city, pond, grunt_megastairs_4, lemuel_fruit_tree
Lair:2:   layout_long_grid, guppyfry_snake_entry_island, basic_altar,
          nzn_sisyphean_effort
Lair:3:   layout_roguey, minmay_swamp_entry_reptiles, grunt_megastairs_5
Lair:4:   layout_cave_pods, slime_entry_1, serial_bayou_shore_b, uniq_snorg
Lair:5:   hangedman_lair_caniforms_friends, layout_hall_layers,
          guppyfry_lair_end_dragon, enter_volcano_1, grunt_megastairs_3,
          uniq_nessos
Swamp:1:  layout_basic_swamp, ebering_ghost_rock_garden,
          nicolae_swamp_well_well_well
Orc:1:    layout_diamond_mine
Orc:2:    grunt_orc_community_town_hall, layout_caves,
          grunt_orc_community_big_house_1, grunt_orc_community_big_house_2,
          grunt_orc_community_house_1, grunt_orc_community_house_1,
          grunt_orc_community_house_3, grunt_orc_community_house_1,
          grunt_orc_community_house_3

Skill      XL: |  1  2  3  4  5  6  7  8  9 10 11 12 13 14 15 |
---------------+----------------------------------------------+-----
Long Blades    | 4 5 6 7 9 10 12 14 15 | 15.0
Armour         | 1 2 3 |  3.0
Fighting       | 3 4 5 6 8 10 12 14 15 17 18 19 | 19.9
Dodging        | 4 5 6 7 8 9 11 13 15 16 | 16.5
Evocations     | 2 3 |  3.0
Shields        | 3 4 |  4.0
Translocations | 1 7 10 11 | 11.0
Spellcasting   | 3 |  3.0
Throwing       | |  2.0

Action                     |  1- 3 |  4- 6 |  7- 9 | 10-12 | 13-15 || total
---------------------------+-------+-------+-------+-------+-------++-------
  Melee: Long sword        |   107 |   138 |       |   129 |   856 ||  1230
         Punch             |       |     2 |       |       |       ||     2
         Great sword       |       |    44 |   281 |   334 |       ||   659
         Triple sword      |       |       |       |    51 |       ||    51
         Eudemon blade     |       |       |       |       |   141 ||   141
  Throw: Javelin           |       |     1 |       |       |       ||     1
         Throwing net      |       |       |     2 |       |       ||     2
         Dart              |       |       |     3 |     3 |       ||     6
   Cast: Blink             |       |       |       |       |     2 ||     2
         Manifold Assault  |       |       |       |       |     1 ||     1
 Invoke: Heroism           |       |       |       |     4 |     5 ||     9
Ability: Hop               |       |       |     3 |     4 |     2 ||     9
  Evoke: Wand              |       |       |     3 |    28 |    11 ||    42
    Use: Scroll            |       |     5 |     3 |    11 |     9 ||    28
         Potion            |       |       |     2 |     2 |     2 ||     6
   Stab: Held in net/web   |       |       |     2 |       |       ||     2
         Sleeping          |       |       |       |     3 |     3 ||     6
         Invisible         |       |       |       |       |     2 ||     2
         Distracted        |       |       |       |       |     2 ||     2
 Armour: Leather armour    |    55 |     4 |       |   114 |   196 ||   369
         Ring mail         |       |    88 |   139 |    28 |       ||   255
  Dodge: Dodged            |   100 |   108 |   314 |   453 |   797 ||  1772
  Block: Kite shield       |       |     2 |       |    35 |   503 ||   540

Table legend: (Time is in decaauts)
 A = Elapsed time spent in this place.
 B = Non-inter-level travel time spent in this place.
 C = Inter-level travel time spent in this place.
 D = Time resting spent in this place.
 E = Time spent auto-exploring this place.
 F = Levels seen in this place.
 G = Mean time per level.
                   A        B        C        D        E       F      G
               +--------+--------+--------+--------+--------+-----+--------+
         Total |  23973 |  21299 |   2674 |      0 |  15604 |  23 | 1042.3 |
       Dungeon |  15781 |  13611 |   2170 |      0 |  10079 |  13 | 1213.9 |
        Temple |     50 |     50 |      0 |      0 |      0 |   1 |   50.0 |
          Lair |   6028 |   5655 |    373 |      0 |   4217 |   5 | 1205.6 |
         Swamp |     39 |     39 |      0 |      0 |      0 |   1 |   39.0 |
  Orcish Mines |   1495 |   1365 |    130 |      0 |    924 |   2 |  747.5 |
         Sewer |    579 |    579 |      0 |      0 |    382 |   1 |  579.0 |
               +--------+--------+--------+--------+--------+-----+--------+

Top non-repeatable levels by time:
     D:6: 2738 daAuts
     D:7: 1943 daAuts
  Lair:5: 1712 daAuts
     D:5: 1393 daAuts
     D:9: 1274 daAuts
   Orc:2: 1262 daAuts
  Lair:4: 1248 daAuts
     D:4: 1234 daAuts
     D:3: 1186 daAuts
  Lair:1: 1086 daAuts
    D:11: 1077 daAuts
    D:10: 1077 daAuts
  Lair:2: 1009 daAuts
     D:1: 977 daAuts
  Lair:3: 971 daAuts
